 Dungeon Crawl Stone Soup version 0.22-a0-470-g522be1c (webtiles) character file.

177 stealthycow the Skirmisher (level 5, -3/47 HPs)
             Began as a Hill Orc Fighter on June 14, 2018.
             Slain by Duvessa
             ... wielding a +0 short sword
              (7 damage)
             ... on level 4 of the Dungeon.
             The game lasted 00:09:06 (3123 turns).

stealthycow the Skirmisher (Hill Orc Fighter)       Turns: 3123, Time: 00:09:07

Health: -3/47      AC:  5    Str: 20    XL:     5   Next: 57%
Magic:  5/5        EV:  8    Int:  8    God:
Gold:   177        SH: 10    Dex: 10    Spells: 4/4 levels left

rFire    . . .     SeeInvis .   a - +0 war axe
rCold    . . .     Gourm    .   c - +1 shield
rNeg     . . .     Faith    .   m - +0 ring mail (curse)
rPois    .         Spirit   .   (no helmet)
rElec    .         Reflect  .   (no cloak)
rCorr    .         Harm     .   (no gloves)
MR       .....                  (no boots)
Stlth    ..........             (no amulet)
HPRegen  0.15/turn              (no ring)
MPRegen  0.09/turn              (no ring)

@: lethally poisoned (-3 -> -30), glowing
A: no striking features
a: no special abilities


You were on level 4 of the Dungeon.
You were very hungry.

You visited 1 branch of the dungeon, and saw 4 of its levels.

You collected 177 gold pieces.

Inventory:

Hand Weapons
 a - a +0 war axe (weapon)
 i - a +0 mace
Missiles
 g - 4 tomahawks (quivered)
Armour
 b - a +0 scale mail
 c - a +1 shield (worn)
 m - a cursed +0 ring mail (worn)
Jewellery
 o - a cursed ring of teleportation {unknown}
 r - an uncursed ring of protection from magic {unknown}
 s - an uncursed ring of positive energy {unknown}
 v - an uncursed amulet of the acrobat {unknown}
Scrolls
 e - 8 scrolls of identify
 h - a scroll of teleportation {unknown}
 k - a scroll of enchant armour
 l - a scroll of amnesia {unknown}
 p - a scroll of enchant weapon {unknown}
 q - 2 scrolls of magic mapping {unknown}
 u - a scroll of noise {unknown}
Potions
 d - 3 potions of might
 j - a potion of mutation
 t - a potion of flight {unknown}
Comestibles
 f - 6 rations


   Skills:
 + Level 4.8 Fighting
 + Level 4.3 Axes
 + Level 4.3 Armour
 + Level 4.3 Shields


You had 4 spell levels left.
You didn't know any spells.
Your spell library was empty.

Dungeon Overview and Level Annotations

Branches:
Dungeon (4/15)
 Temple: D:4-7

Altars:
Wu Jian
Yredelemnul
Zin

Annotations:
D:4 Dowan, Duvessa


Message History

The adder poisons you! Dowan hits you with a dagger of venom.
* * * LOW HITPOINT WARNING * * *
You are more poisoned.
Duvessa hits you with a short sword.
* * * LOW HITPOINT WARNING * * *
You closely miss Dowan.
Dowan is almost dead.
You hit Duvessa.
Your shield prevents you from hitting the adder.
* * * LOW HITPOINT WARNING * * *
You feel very sick. The adder bites you.
* * * LOW HITPOINT WARNING * * *
You are more poisoned.
The adder poisons you! You block Dowan's attack.
Duvessa hits you but does no damage. The adder bites you but does no damage.
Dowan hits you with a dagger of venom.
* * * LOW HITPOINT WARNING * * *
Duvessa hits you with a short sword!
You die...

#. #.................
##.##...##.##.##...###
....................( #
#...............#..##
#.##.##...##.##.##.#..#
#..........%.....#.#..#
...................#..+
......eS..##.##.......#
#.....e@..##.##..#.#.##
#.##.##...##(##..#.#.###
.. ........##........#
.# .##...##.###.#.#.#
#...##.# #.#.#.#
#...##.# #.#.#.#
....##.###.#.#)###
#.................
#...####.....#....


You could see Duvessa, Dowan and an adder.

Vanquished Creatures
  Jessica (D:3)
  Natasha (D:4)
  An iguana (D:4)
  5 adders
  3 worms
  2 leopard geckos (D:1)
  7 bats
  3 giant cockroaches
  7 goblins
  6 hobgoblins
  A quokka (D:3)
  A ball python (D:3)
  3 frilled lizards
  2 kobolds
  8 rats
51 creatures vanquished.

Notes
Turn   | Place    | Note
-------+----------+-------------------------------------------
     0 | D:1      | stealthycow the Hill Orc Fighter began the quest for the Orb.
     0 | D:1      | Reached XP level 1. HP: 19/19 MP: 1/1
   316 | D:1      | Reached XP level 2. HP: 27/27 MP: 2/2
   855 | D:2      | Reached XP level 3. HP: 32/33 MP: 3/3
  1306 | D:3      | Found a glowing silver altar of Zin.
  1306 | D:3      | Found an ornate altar of the Wu Jian Council.
  1530 | D:3      | Noticed Jessica
  1540 | D:3      | Killed Jessica
  1540 | D:3      | Reached XP level 4. HP: 25/41 MP: 4/4
  1702 | D:3      | Found a basalt altar of Yredelemnul.
  2149 | D:3      | Reached XP level 5. HP: 42/47 MP: 5/5
  2855 | D:4      | Noticed Natasha
  2869 | D:4      | Killed Natasha
  3099 | D:4      | Noticed Dowan
  3118 | D:4      | Noticed Duvessa
  3123 | D:4      | Slain by Duvessa

Vault maps used:
D:1:      grunt_arrival_crossed_arrows, minmay_stone_trees_small,
          roderic_serpentine_path
D:3:      chequers_temple_overflow_statue_of_worship, yredelemnul_altar_generic,
          uniq_jessica
D:4:      st_stairs_7, lightli_corner_chamber, uniq_natasha, uniq_duvessa

Skill      XL: |  1  2  3  4 |
---------------+-------------+-----
Axes           | 3 4 |  4.3
Fighting       | 4 |  4.8
Shields        | 4 |  4.3
Armour         | 4 |  4.3

Action                   |  1- 3 |  4- 6 || total
-------------------------+-------+-------++-------
Melee: War axe           |    78 |   103 ||   181
  Use: Scroll            |     2 |       ||     2
  Eat: Chunk             |     2 |     4 ||     6
Armor: Scale mail        |    18 |       ||    18
       Ring mail         |    18 |    36 ||    54
Dodge: Dodged            |    15 |    38 ||    53
Block: Shield            |    41 |    62 ||   103

Table legend:
 A = Spawn XP
 B = Non-spawn XP
 C = Spawn XP percentage of total XP
 D = Spawn monster count
 E = Non-spawn monster count
 F = Spawn count percentage of total count
 G = Total turns spent on level
                    A         B        C        D         E        F      G
               +---------+---------+-------+---------+---------+-------+---------
         Total |       0 |     253 |   0.0 |       0 |      51 |   0.0 |  3123
               +---------+---------+-------+---------+---------+-------+---------
           D:1 |       0 |      20 |   0.0 |       0 |      12 |   0.0 |   745
           D:2 |       0 |      30 |   0.0 |       0 |       9 |   0.0 |   502
           D:3 |       0 |     117 |   0.0 |       0 |      25 |   0.0 |  1215
           D:4 |       0 |      86 |   0.0 |       0 |       5 |   0.0 |   661
               +---------+---------+-------+---------+---------+-------+---------
